 Dungeon Crawl Stone Soup version 0.25.1-2-g60ff931df9 (webtiles) character file.

Game seed: 9983114269173014897

1758 gruber the Chiller (level 8, -4/57 HPs)
             Began as a Demigod Ice Elementalist on Nov 10, 2020.
             Slain by a shadow (11 damage)
             ... on level 7 of the Dungeon.
             The game lasted 00:10:11 (7037 turns).

gruber the Chiller (Demigod Ice Elementalist)       Turns: 7037, Time: 00:10:11

Health: -4/57      AC:  3    Str: 11    XL:     8   Next: 50%
Magic:  0/20       EV: 12    Int: 23    God:
Gold:   327        SH:  0    Dex: 16    Spells: 7/19 levels left

rFire    . . .     SeeInvis .   w - +2 dagger (flame)
rCold    . . .     Gourm    .   (no shield)
rNeg     . . .     Faith    .   a - +0 robe
rPois    .         Spirit   +   n - +0 helmet
rElec    .         Reflect  .   (no cloak)
rCorr    .         Harm     .   (no gloves)
MR       .....                  (no boots)
Stlth    ++........             p - amulet of guardian spirit
HPRegen  0.19/turn              (no ring)
MPRegen  0.17/turn              (no ring)

@: very slightly contaminated
A: high mp 1
a: no special abilities


You were on level 7 of the Dungeon.
You were very hungry.

You visited 1 branch of the dungeon, and saw 7 of its levels.
You also visited: Sewer.

You collected 327 gold pieces.

Inventory:

Hand Weapons
 m - a +0 trident
 w - a +2 dagger of flaming (weapon)
 B - a +0 flail of holy wrath
Missiles
 q - 6 silver javelins (quivered)
Armour
 a - a +0 robe (worn)
 n - a +0 helmet (worn)
Jewellery
 p - an amulet of guardian spirit (around neck)
Wands
 t - a wand of polymorph (9)
Scrolls
 f - 4 scrolls of teleportation {unknown}
 g - a scroll of remove curse {unknown}
 h - 2 scrolls of magic mapping {unknown}
 j - 6 scrolls of identify {unknown}
 k - 2 scrolls of fog {unknown}
 r - a scroll of immolation {unknown}
 s - 2 scrolls of fear {unknown}
 v - a scroll of enchant weapon {unknown}
 x - a scroll of enchant armour {unknown}
 y - a scroll of random uselessness {unknown}
 D - a scroll of blinking {unknown}
Potions
 b - a potion of degeneration {unknown}
 d - 2 potions of heal wounds
 e - 2 potions of might {unknown}
 i - 3 potions of curing {unknown}
 l - 2 potions of invisibility
 o - 5 potions of flight {unknown}
 u - a potion of magic {unknown}
 z - 3 potions of lignification {unknown}
 A - a potion of stabbing {unknown}
 E - a potion of mutation {unknown}
Comestibles
 c - 10 rations


   Skills:
 - Level 0.6 Maces & Flails
 - Level 1.7 Dodging
 - Level 1.7 Stealth
 - Level 6.1 Spellcasting
 + Level 1.2 Conjurations
 - Level 5.1 Summonings
 - Level 7.0 Ice Magic


You had 7 spell levels left.
You knew the following spells:

 Your Spells              Type           Power        Failure   Level  Hunger
a - Freeze                Ice            ####         1%          1    None
b - Frozen Ramparts       Ice            #####.       1%          3    #......
c - Hailstorm             Conj/Ice       ####....     16%         4    ###....
d - Summon Ice Beast      Ice/Summ       ####....     7%          4    ###....

Your spell library contained the following spells:

 Spells                   Type           Power        Failure   Level  Hunger
 Ozocubu's Armour         Chrm/Ice       ###.....     6%          3    #......


Dungeon Overview and Level Annotations

Branches:
Dungeon (7/15)             Temple (0/1) D:5           Sewer (visited)


Innate Abilities, Weirdness & Mutations

You have an increased reservoir of magic. (+10% MP)


Message History

Deactivating autopickup; reactivate with Ctrl-A.
You swap places.
Your ice beast closely misses something.
What are your orders? t - Shout!
Orders for allies: a - Attack new target. r - Retreat! s - Stop attacking. g - Guard the area. f - Follow me.
Anything else - Cancel.
Retreat in which direction?
Press: ? - help, Dir - move target cursor Fall back!
The shadow strikes at you from the darkness!
* * * LOW HITPOINT WARNING * * *
Reactivating autopickup.
You hit the shadow but do no damage.
The shadow is moderately damaged.
You are feeling very hungry.
The shadow hits you!
You die...

...> ###+######....
#.............
#.............
#.............
######.....Y.......
........###Y####+##
........#..WY.....#
........#..@..)....
........###+###...#
####....#...### ..#
#....'.....# .#
#....#.....# P
#....#.....#
#....#.....#
#....##...##
#......#...#


You could see a shadow and 3 friendly ice beasts.

Vanquished Creatures
  3 ogres
  3 scorpions
  2 crimson imps (D:5)
  4 hounds
  5 orc wizards
  An orc priest (D:4)
  Terence (D:2)
  Natasha (thrice) (D:4)
  2 iguanas
  A worker ant (D:5)
  Robin (D:2)
  A worker ant zombie (D:5)
  6 adders
  2 oozes
  An adder zombie (D:5)
  4 worms
  A dart slug (D:2)
  5 leopard geckos
  17 orcs
  6 giant cockroaches
  23 goblins
  10 hobgoblins
  8 jackals
  2 quokkas
  3 ball pythons
  14 bats
  4 frilled lizards
  10 kobolds
  10 rats
153 creatures vanquished.

Vanquished Creatures (collateral kills)
  A two-headed ogre (D:7)
  An ice beast (D:6)
  A phantom (D:7)
  A wyvern skeleton (D:7)
  A hound (D:7)
  A howler monkey skeleton (D:7)
6 creatures vanquished.

Grand Total: 159 creatures vanquished

Notes
Turn   | Place    | Note
-------+----------+-------------------------------------------
     0 | D:1      | gruber the Demigod Ice Elementalist began the quest for the
                  | Orb.
     0 | D:1      | Reached XP level 1. HP: 14/14 MP: 5/5
   252 | D:1      | Reached skill level 4 in Ice Magic
   310 | D:1      | Reached XP level 2. HP: 20/20 MP: 4/7
  1117 | D:2      | Found a sparkling altar of Nemelex Xobeh.
  1184 | D:2      | Reached XP level 3. HP: 21/26 MP: 1/9
  1189 | D:2      | Learned a level 3 spell: Frozen Ramparts
  1387 | D:2      | Reached XP level 4. HP: 9/33 MP: 3/11
  1801 | D:2      | Noticed Terence
  1801 | D:2      | Noticed Robin
  1808 | D:2      | Killed Terence
  1823 | D:2      | Killed Robin
  1823 | D:2      | Reached skill level 5 in Ice Magic
  1828 | D:2      | Reached XP level 5. HP: 38/38 MP: 5/13
  3165 | D:3      | Found a hazy altar of Hepliaklqana.
  3166 | D:3      | Found a shimmering altar of Xom.
  3167 | D:3      | Noticed a spectral ugly thing
  3575 | D:4      | Reached XP level 6. HP: 41/45 MP: 11/15
  3927 | D:4      | Noticed Natasha
  3936 | D:4      | Killed Natasha
  3982 | D:4      | Reached skill level 6 in Ice Magic
  4220 | D:4      | Reached XP level 7. HP: 47/50 MP: 12/17
  4221 | D:4      | Reached skill level 5 in Spellcasting
  4238 | D:4      | Noticed Natasha
  4243 | D:4      | Killed Natasha
  4388 | D:4      | Noticed Natasha
  4402 | D:4      | Killed Natasha
  4695 | D:5      | Entered Level 5 of the Dungeon
  5174 | D:5      | Reached skill level 7 in Ice Magic
  5180 | D:5      | Learned a level 4 spell: Hailstorm
  5185 | D:5      | Learned a level 4 spell: Summon Ice Beast
  5218 | D:5      | Found a staircase to the Ecumenical Temple.
  5718 | D:6      | Found a glowing drain.
  5749 | Sewer    | Entered a sewer
  6207 | D:6      | Found a glowing silver altar of Zin.
  6207 | D:6      | Found a bloodstained altar of Trog.
  6241 | D:6      | Found an opulent altar of Gozag.
  6350 | D:6      | Reached skill level 1 in Summonings
  6350 | D:6      | Reached XP level 8. HP: 31/57 MP: 8/20
  6710 | D:7      | Noticed a two-headed ogre
  6769 | D:7      | Killed a two-headed ogre
  6943 | D:7      | Reached skill level 5 in Summonings
  6949 | D:7      | Reached skill level 1 in Conjurations
  7037 | D:7      | Slain by a shadow

Illustrated notes

Levels and vault maps discovered:
D:1:      dpeg_arrival_brainrot, layout_basic, serial_rivers,
          chequers_serial_rivers_room_b, chequers_serial_rivers_small_b,
          chequers_serial_rivers_micro_a, chequers_serial_rivers_room_b,
          chequers_serial_rivers_room_b
D:2:      layout_basic, nemelex_xobeh_ov_fountains_minmay, minivault_26,
          uniq_terence, uniq_robin
D:3:      layout_loops_ring, regret_index_temple_of_mockery
D:4:      layout_basic, uniq_natasha
D:5:      layout_loops_ring, minmay_temple_entry_fiery, first_ration
D:6:      layout_rooms, gammafunk_temple_overflow_wave,
          cheibrodos_sewer_entry_bend, chequers_serial_rivers_marsh,
          grunt_gozag_statues
D:7:      layout_gridville, kiku_gazebo_garden_becter,
          overflow_temple_1_default, basic_altar

Skill      XL: |  1  2  3  4  5  6  7  8 |
---------------+-------------------------+-----
Ice Magic      | 4 5 6 7 |  7.0
Spellcasting   | 2 3 4 6 |  6.1
Summonings     | 1 5 |  5.1
Conjurations   | 1 |  1.2
Maces & Flails | |  0.6
Dodging        | |  1.7
Stealth        | |  1.7

Action                   |  1- 3 |  4- 6 |  7- 9 || total
-------------------------+-------+-------+-------++-------
Melee: Unarmed           |    35 |     6 |     3 ||    44
       Trident           |       |    78 |     9 ||    87
       Dagger            |       |       |    89 ||    89
 Cast: Freeze            |    45 |     1 |       ||    46
       Frozen Ramparts   |     2 |    35 |    22 ||    59
       Summon Ice Beast  |       |       |    10 ||    10
 Stab: Distracted        |     1 |       |       ||     1
       Sleeping          |       |     3 |     3 ||     6
  Eat: Chunk             |     2 |    11 |     7 ||    20
       Ration            |       |       |     1 ||     1
Armor: Robe              |    15 |    12 |    29 ||    56
       Skin              |       |       |     3 ||     3
Dodge: Dodged            |    46 |    57 |    83 ||   186
